 Dungeon Crawl Stone Soup version 0.29.1-1-gd02db6906a (webtiles) character file.

Game seed: 3646388923542867156

913 Sabo the Chiller (level 8, -12/51 HPs)
             Began as an Octopode Ice Elementalist on Oct 2, 2022.
             Was a Believer of Elyvilon.
             Mangled by experimilk's ghost (16 damage)
             ... on level 4 of the Dungeon.
             The game lasted 00:35:55 (8224 turns).

Sabo the Chiller (Octopode Ice Elementalist)        Turns: 8224, Time: 00:35:56

Health: -12/51     AC:  1    Str:  7    XL:     8   Next: 9%
Magic:  7/13       EV: 14    Int: 19    God:    Elyvilon [**....]
Gold:   167        SH:  0    Dex: 13    Spells: 13/14 levels left

rFire   . . .      SeeInvis .   t - +0 morningstar (protect)
rCold   . . .      Faith    .   (no shield)
rNeg    . . .      Spirit   .   (helmet restricted)
rPois   .          Reflect  .   (no amulet)
rElec   .          Harm     .   (no ring)
rCorr   .          Rampage  .   (no ring)
Will    .....                   (no ring)
Stlth   ++++......              (no ring)
HPRegen 0.17/turn               (no ring)
MPRegen 0.13/turn               (no ring)
                                (no ring)
                                (no ring)

@: no status effects
A: almost no armour, amphibious, 8 rings, camouflage 1, gelatinous body 1,
(nimble swimmer 1), tentacles
a: Renounce Religion, Purification, Heal Other


You were on level 4 of the Dungeon.
You worshipped Elyvilon.
Elyvilon was pleased with you.
You visited 1 branch of the dungeon, and saw 4 of its levels.
You also visited: Sewer.

You collected 167 gold pieces.

Inventory:

Hand Weapons
 b - a +0 war axe
 c - a +0 sling
 t - a +0 morningstar of protection (weapon)
 x - a +0 arbalest
 y - a +3 dagger
Missiles
 h - 12 poisoned darts (quivered)
 m - 3 curare-tipped darts
Jewellery
 i - a ring of fire
Scrolls
 e - 2 scrolls of amnesia
 g - a scroll of poison
 l - 2 scrolls of teleportation
 n - a scroll of fear
 s - a scroll of blinking {unknown}
 u - a scroll of magic mapping {unknown}
 v - a scroll of acquirement {unknown}
Potions
 a - a potion of magic
 d - a potion of brilliance {unknown}
 f - 3 potions of invisibility {unknown}
 k - a potion of curing {unknown}
 o - a potion of mutation {unknown}
 p - a potion of heal wounds {unknown}
 q - a potion of degeneration {unknown}
 r - a potion of cancellation {unknown}
 w - a potion of resistance {unknown}


   Skills:
 + Level 2.7 Fighting
 + Level 4.5(4.7) Axes
 + Level 1.4(3.2) Maces & Flails
 + Level 3.6 Dodging
 + Level 5.0 Stealth
 + Level 3.5 Spellcasting
 + Level 5.4 Ice Magic
 + Level 0.2 Invocations


You had 13 spell levels left.
You knew the following spells:

 Your Spells              Type           Power      Damage    Failure   Level
a - Freeze                Ice            96%        1d11      1%          1

Your spell library contained the following spells:

 Spells                   Type           Power      Damage    Failure   Level
 Frozen Ramparts          Ice            48%        1d8       4%          3
 Ozocubu's Armour         Ice            24%        N/A       4%          3
 Beastly Appendage        Tmut           6%         N/A       14%         1
 Sublimation of Blood     Necr           3%         N/A       22%         2
 Wereblood                Tmut           3%         N/A       22%         2
 Spider Form              Tmut/Pois      3%         N/A       41%         3
 Hailstorm                Conj/Ice       13%        3d5       43%         4
 Summon Hydra             Summ           1%         N/A       100%        7


Dungeon Overview and Level Annotations

Branches:
Dungeon (4/15)              Sewer (visited)
 Temple: D:4-7

Altars:
Elyvilon
Fedhas

Annotations:
D:4 experimilk's ghost, novice PaFi; pacmanke6689's ghost, amateur TeGl; xian's ghost, amateur DsAE


Innate Abilities, Weirdness & Mutations

You cannot wear most types of armour.
You are amphibious.
You can wear up to eight rings at the same time.
Your skin changes colour to match your surroundings (Stealth+).
Your rubbery body absorbs attacks. (AC +1, EV +1)
((You are camouflaged when in or above water. (Stealth+)))
You have tentacles for arms and can constrict up to eight enemies at once.


Message History

Press: ? - help, Shift-Dir - straight line, f/p - experimilk's ghost
Aim: experimilk's ghost, wielding a vorpal weapon (moderately damaged, ally target)
You freeze experimilk's ghost.
Experimilk's ghost is moderately damaged.
Your giant cockroach closely misses experimilk's ghost.
Pacmanke6689's ghost hits you.
* * * LOW HITPOINT WARNING * * *
Experimilk's ghost hits you!
* * * LOW HITPOINT WARNING * * *
x2 Your giant cockroach bites experimilk's ghost but does no damage.
You fail to use your ability.
Your giant cockroach bites experimilk's ghost.
Pacmanke6689's ghost hits you but does no damage.
Experimilk's ghost hits your giant cockroach but does no damage.
You are healed.
You can no longer provide healing for yourself.
Your giant cockroach bites experimilk's ghost but does no damage.
Pacmanke6689's ghost barely misses you. Experimilk's ghost misses you.
You closely miss experimilk's ghost. Your squeeze misses experimilk's ghost.
Experimilk's ghost is moderately damaged.
Your giant cockroach closely misses experimilk's ghost.
Pacmanke6689's ghost hits you.
* * * LOW HITPOINT WARNING * * *
Experimilk's ghost hits you.
* * * LOW HITPOINT WARNING * * *
x2 Your giant cockroach bites experimilk's ghost but does no damage.
You closely miss experimilk's ghost.
Experimilk's ghost is moderately damaged.
Pacmanke6689's ghost closely misses you.
Experimilk's ghost closely misses your giant cockroach.
Your giant cockroach barely misses experimilk's ghost.
You barely miss experimilk's ghost.
Experimilk's ghost is moderately damaged.
Your giant cockroach barely misses experimilk's ghost.
Pacmanke6689's ghost closely misses you.
Experimilk's ghost hits your giant cockroach!
Your giant cockroach dies!
Your giant cockroach's corpse dissolves into shadows!
Experimilk's ghost hits you!
You die...

#.........######'#####.
#⌠.......⌠# #........
#......W..# #........
#####'''### #........
#.........# #........
#.........# #........
#...##.#### ##...####
####...#.W## #.#.#
#<......WW@# #.#.##
####...###.# #.#..#
#...###.# #....##
#...#...# #####..#
#...#.####### #......##
#####.....>.####.##....#
#######.#.....#.....
#.#.##..#.....
##.........#.#.


You could see experimilk's ghost, pacmanke6689's ghost and xian's ghost.

Vanquished Creatures
  An ogre (D:4)
  2 phantoms (D:4)
  3 kobold brigands (Sewer)
  2 scorpions (D:4)
  A howler monkey (D:4)
  A jelly (D:4)
  An orc priest (D:4)
  2 iguanas (D:4)
  10 adders
  3 river rats (Sewer)
  4 worms
  3 dart slugs
  5 orcs (D:4)
  12 endoplasms
  A giant cockroach (D:2)
  4 hobgoblins
  3 jackals (D:2)
  A quokka (D:3)
  10 ball pythons
  2 bats
  5 frilled lizards
  3 goblins
  6 kobolds
  15 rats
100 creatures vanquished.

Vanquished Creatures (others)
  4 withered plants (D:4)
4 creatures vanquished.

Grand Total: 104 creatures vanquished

Notes
Turn   | Place    | Note
-------+----------+-------------------------------------------
     0 | D:1      | Sabo the Octopode Ice Elementalist began the quest for the
                  | Orb.
     0 | D:1      | Reached XP level 1. HP: 11/11 MP: 3/3
   565 | D:1      | You fall into a shaft and drop 1 floor!
   591 | D:2      | Reached XP level 2. HP: 17/17 MP: 3/5
  1380 | D:2      | Reached XP level 3. HP: 17/21 MP: 4/6
  1437 | D:2      | Found a faded altar of an unknown god.
  1442 | D:2      | Prayed at the altar of an unknown god.
  1442 | D:2      | Became a worshipper of Elyvilon the Healer
  1442 | D:2      | Reached * piety under Elyvilon
  2381 | D:2      | Reached XP level 4. HP: 27/27 MP: 7/7
  2692 | D:2      | Reached ** piety under Elyvilon
  2831 | D:3      | Reached skill level 1 in Fighting
  2998 | D:3      | Found a glowing drain.
  3026 | Sewer    | Entered a sewer
  3153 | Sewer    | Reached skill level 1 in Axes
  3559 | Sewer    | Reached XP level 5. HP: 28/33 MP: 6/8
  3651 | Sewer    | Noticed a kobold brigand
  3662 | Sewer    | Killed a kobold brigand
  3663 | Sewer    | Reached skill level 5 in Ice Magic
  4595 | Sewer    | Noticed a kobold brigand
  4610 | Sewer    | Killed a kobold brigand
  4611 | Sewer    | Reached XP level 6. HP: 8/39 MP: 10/10
  5695 | D:3      | Found a blossoming altar of Fedhas.
  5810 | D:3      | Reached *** piety under Elyvilon
  6380 | D:4      | Reached XP level 7. HP: 11/45 MP: 11/11
  6624 | D:4      | Elyvilon protects you from harm!
  6626 | D:4      | Elyvilon protects you from harm!
  7123 | D:4      | Identified the +3 leather armour "Tidykhlag" {Rampage}
  7589 | D:4      | Reached skill level 1 in Maces & Flails
  7589 | D:4      | Reached XP level 8. HP: 40/51 MP: 13/13
  7724 | D:4      | Found a runed translucent gate.
  7724 | D:4      | Found a runed translucent gate.
  7727 | D:4      | Found a runed translucent gate.
  7733 | D:4      | Noticed experimilk's ghost (novice PaFi)
  7733 | D:4      | Noticed pacmanke6689's ghost (amateur TeGl)
  7734 | D:4      | Noticed xian's ghost (amateur DsAE)
  7857 | D:4      | Reached skill level 5 in Stealth
  8219 | D:4      | HP: 2/51 [experimilk's ghost (8)]
  8224 | D:4      | Mangled by experimilk's ghost

Illustrated notes

Levels and vault maps discovered:
D:1:      dpeg_arrival_court, layout_loops_ring
D:2:      layout_loops_ring, chequers_ecumenical_altar_grove,
          kennysheep_generic_room_5
D:3:      layout_loops_corners, mainiacjoe_overflow_24_doors,
          portal_sewer_entry_c, kennysheep_generic_room_7
D:4:      layout_basic, gammafunk_ghost_cemetery, minivault_23,
          due_unseen_surprise

Skill      XL: |  1  2  3  4  5  6  7  8 |
---------------+-------------------------+-----
Stealth        | 3 4 5 |  5.0
Fighting       | 1 2 |  2.7
Axes           | 1 2 3 4 |  4.5
Ice Magic      | 5 |  5.4
Spellcasting   | 3 |  3.5
Dodging        | 3 |  3.6
Maces & Flails | 1 |  1.4
Invocations    | |  0.2

Action                   |  1- 3 |  4- 6 |  7- 9 || total
-------------------------+-------+-------+-------++-------
Melee: War axe           |    27 |   108 |    24 ||   159
       Constrict         |    12 |    26 |    11 ||    49
       Tentacles         |     7 |    25 |    17 ||    49
       Punch             |       |     2 |     1 ||     3
       Morningstar       |       |       |    54 ||    54
 Cast: Freeze            |    19 |    19 |     8 ||    46
Invok: Heal Self         |       |       |     4 ||     4
  Use: Scroll            |     1 |     5 |     1 ||     7
 Stab: Sleeping          |       |     3 |       ||     3
Armor: Skin              |     4 |     5 |    24 ||    33
Dodge: Dodged            |    17 |    63 |    65 ||   145
